Selects Australian Defense Battlegroup
Selects Australian Light Infantry Section
Australian Light Infantry Section
Australian Light Infantry Section
Australian Light Infantry Section
Selects 2-pounder Anti-tank Gun Team
Construct Section Command Post
Construct Platoon Command Post
Construct Field Infirmary
2-pounder Anti-tank Gun Team
2-pounder Anti-tank Gun Team
Construct Company Command Post
Selects Vehicle Over Repair
Selects CMP 15cwt Supply Run
Selects Reinforced Resource Caches